 Seeded DCSS version 0.28.0-45-g0d030f2227 (webtiles) character file.

Game seed: 13254252311307455508 (custom seed)

49365 croobank the Warrior (level 14, -3/135 HPs)
             Began as a Minotaur Fighter on Apr 19, 2022.
             Was an Initiate of Gozag.
             Slain by an elephant (5 damage)
             ... while petrified by a basilisk
             ... on level 6 of the Lair of Beasts on Apr 20, 2022.
             The game lasted 01:02:47 (15485 turns).

croobank the Warrior (Minotaur Fighter)            Turns: 15485, Time: 01:02:48

Health: -3/135     AC: 16    Str: 26    XL:     14   Next: 15%
Magic:  13/13      EV:  2    Int:  5    God:    Gozag
Gold:   3726       SH:  0    Dex: 10    Spells: 13/13 levels left

rFire   + + .      SeeInvis .   a - +11 eveningstar of Voynec {flame, rC+ rN+}
rCold   + . .      Faith    .   c - +0 buckler
rNeg    + + +      Spirit   .   B - +1 chain mail {rF+}
rPois   ∞          Reflect  .   (helmet restricted)
rElec   .          Harm     .   (no cloak)
rCorr   .          Rampage  .   j - +0 pair of gloves
Will    +....                   (no boots)
Stlth   ..........              L - amulet of regeneration
HPRegen 1.12/turn               K - ring of protection from fire
MPRegen 0.13/turn               E - ring of flight

@: petrified, gold aura, flying
A: horns 2, retaliatory headbutt
a: Renounce Religion, Potion Petition, Call Merchant, Bribe Branch


You were on level 6 of the Lair of Beasts.
You worshipped Gozag.
Gozag was most pleased with you.
You visited 3 branches of the dungeon, and saw 17 of its levels.
You also visited: Volcano.

You collected 4463 gold pieces.
You spent 715 gold pieces at shops.
You paid 22 gold pieces to Gozag.

Inventory:

Hand Weapons
 a - the +11 eveningstar of Voynec (weapon) {flame, rC+ rN+}
   (You found it on level 2 of the Dungeon)

   It burns those it strikes, dealing additional fire damage.
   rC:        It protects you from cold.
   rN:        It protects you from negative energy.
 h - a +1 flail of holy wrath
 p - the +8 morningstar "Giant's Curse" {vorpal, Will+}
   (You found it on level 2 of the Dungeon)

   It inflicts extra damage upon your enemies.
   Will:      It increases your willpower.
 z - a +0 broad axe of flaming
 R - a +0 battleaxe
 Y - a +2 shortbow of flaming
 Z - a +2 fustibalus of flaming
Missiles
 n - 14 poisoned darts (quivered)
 o - 141 bolts
 t - 415 arrows
 D - 8 atropa-tipped darts
 M - a throwing net
Armour
 c - a +0 buckler (worn)
 j - a +0 pair of gloves (worn)
 y - a +2 scale mail of positive energy
 B - a +1 chain mail of fire resistance (worn)
 G - a +0 plate armour
Jewellery
 d - the ring "Kiuhan" {Wiz Dex+2}
   (You found it on level 3 of the Lair of Beasts)

   [ring of wizardry]

   It improves your spell success rate.
   Dex:       It affects your dexterity (+2).
 i - a ring of resist corrosion
 E - a ring of flight (right hand)
 K - a ring of protection from fire (left hand)
 L - an amulet of regeneration (around neck)
Wands
 w - a wand of flame (16)
 x - a wand of digging (3)
 C - a wand of iceblast (26)
 P - a wand of charming (5)
 S - a wand of polymorph (6)
Scrolls
 f - 8 scrolls of identify {identify}
 g - a scroll of holy word {holy word, unknown}
 k - 3 scrolls of torment {torment}
 l - 2 scrolls of summoning {summoning, unknown}
 r - a scroll of fog {fog, unknown}
 s - 2 scrolls of immolation {unknown}
 u - 2 scrolls of enchant weapon {enchant weapon, unknown}
 v - a scroll of teleportation
 A - a scroll of enchant armour {enchant armour, unknown}
 H - 2 scrolls of magic mapping {magic mapping, unknown}
 I - a scroll of fear
 V - a scroll of noise {noise, unknown}
Potions
 b - a potion of cancellation {cancellation, unknown}
 e - 5 potions of curing {curing, unknown}
 m - 2 potions of ambrosia {ambrosia, unknown}
 q - 6 potions of mutation {mutation, unknown}
 F - a potion of lignification
 J - a potion of resistance {resistance}
 T - 2 potions of brilliance {brilliance, unknown}
 U - a potion of invisibility {invisibility, unknown}
 X - a potion of heal wounds
Miscellaneous
 Q - a lightning rod (4/4)


   Skills:
 + Level 15.3 Fighting
 + Level 15.0 Maces & Flails
 + Level 15.3 Armour
 + Level 15.3 Shields


You had 13 spell levels left.
You didn't know any spells.
Your spell library contained the following spells:

 Spells                   Type           Power      Damage    Failure   Level
 Beastly Appendage        Tmut           0%         N/A       92%         1
 Magic Dart               Conj           0%         1d3       92%         1
 Corpse Rot               Necr/Air       0%         N/A       98%         2
 Scorch                   Fire           0%         2d5       98%         2
 Searing Ray              Conj           0%         2d4       98%         2
 Wereblood                Tmut           0%         N/A       98%         2
 Conjure Flame            Conj/Fire      0%         6-21      100%        3
 Ignite Poison            Fire/Tmut/Pois 0%         N/A       100%        3
 Spider Form              Tmut/Pois      0%         N/A       100%        3
 Dispel Undead            Necr           0%         3d6       100%        4
 Flame Wave               Conj/Fire      0%         2d4       100%        4
 Fulminant Prism          Conj/Hex       0%         3d6       100%        4
 Passage of Golubria      Tloc           0%         N/A       100%        4
 Petrify                  Tmut/Erth      0%         N/A       100%        4
 Sticky Flame             Conj/Fire      0%         2d3       100%        4
 Freezing Cloud           Conj/Ice/Air   0%         6-21      100%        5
 Metabolic Englaciation   Hex/Ice        0%         N/A       100%        5
 Silence                  Hex/Air        0%         N/A       100%        5
 Summon Forest            Summ/Tloc      0%         N/A       100%        5
 Summon Mana Viper        Hex/Summ       0%         N/A       100%        5
 Death Channel            Necr           0%         N/A       100%        6
 Simulacrum               Ice/Necr       0%         N/A       100%        6
 Statue Form              Tmut/Erth      0%         N/A       100%        6
 Summon Cactus Giant      Summ           0%         N/A       100%        6
 Lehudib's Crystal Spear  Conj/Erth      0%         10d2      100%        8
 Polar Vortex             Ice            0%         N/A       100%        9


Dungeon Overview and Level Annotations

Branches:
Dungeon (10/15)            Temple (1/1) D:4            Lair (6/6) D:9
 Shoals (0/4) Lair:3       Spider (0/4) Lair:4        Slime (0/5) Lair:5
    Orc (0/2) D:9         Volcano (visited)

Altars:
Ashenzari
Dithmenos
Gozag
Kikubaaqudgha
Makhleb
Nemelex Xobeh
Okawaru
Qazlal
Ru
Sif Muna
Trog
Vehumet
Wu Jian
Zin
The Shining One

Shops:
D:4 (   D:8 =

Annotations:
Lair:4 exclusion: 2 oklob plants


Innate Abilities, Weirdness & Mutations

You have a pair of horns on your head.
You reflexively headbutt those who attack you in melee.


Message History

The elephant trumpets! x4; The water moccasin hisses angrily.
The wyvern bites you!
* * * LOW HITPOINT WARNING * * *
You feel yourself speed up. The wyvern bites you!
* * * LOW HITPOINT WARNING * * *
The wyvern is distracted by your dazzling golden aura.
The elephant tramples you.
* * * LOW HITPOINT WARNING * * *
You hold your ground!
The elephant trunk-slaps you but does no damage.
The elephant is distracted by your dazzling golden aura.
The elephant tramples you.
You hold your ground!
The elephant trunk-slaps you but does no damage.
The wyvern hisses angrily.
The elephant trumpets!
The elephant is distracted by your dazzling golden aura.
The elephant tramples you!
* * * LOW HITPOINT WARNING * * *
You hold your ground!
The elephant trunk-slaps you but does no damage.
The elephant tramples you.
* * * LOW HITPOINT WARNING * * *
You hold your ground!
The elephant trunk-slaps you but does no damage.
The elephant trumpets!
The elephant tramples you.
* * * LOW HITPOINT WARNING * * *
You hold your ground!
The elephant trunk-slaps you but does no damage.
The elephant tramples you.
* * * LOW HITPOINT WARNING * * *
You hold your ground!
The elephant trunk-slaps you but does no damage.
The wyvern is no longer distracted by gold.
The wyvern bites you.
* * * LOW HITPOINT WARNING * * *
The elephant tramples you!
You die...
Your body crumbles into a pile of gold.

............##
.............#
.............#.
.....$........#
......Y........
$
......Sl.......
.....YYYl......
#@# #.## ..#
.... $ .....
.$... .... ....


You could see 4 elephants, a komodo dragon, a water moccasin and a wyvern.

Vanquished Creatures
  A fire dragon (Volcano)
  A boulder beetle (Lair:5)
  3 hydras
  A centaur warrior (D:9)
  4 two-headed ogres
  6 death yaks
  Urug (Lair:3)
  Pikel (D:5)
  2 lindwurms
  3 salamanders (Volcano)
  6 black mambas
  A gargoyle (D:10)
  8 cane toads
  7 komodo dragons
  8 rime drakes
  7 polar bears
  6 hornets
  10 dream sheep
  9 blink frogs
  5 jumping spiders (Lair:4)
  2 culicivoras (Lair:4)
  10 spriggans (Lair:6)
  6 wyverns
  14 fire bats (Volcano)
  30 yaks
  Grum (D:8)
  3 basilisks
  13 steam dragons
  17 water moccasins
  3 orc warriors
  An ice beast (D:6)
  A hornet zombie (D:7)
  2 sky beasts
  4 black bears
  4 ogres
  34 wolves
  2 boggarts (Lair:6)
  6 centaurs
  A lemure (D:5)
  3 kobold brigands (D:9)
  11 bullfrogs
  A gnoll sergeant (D:8)
  4 scorpions
  A water moccasin skeleton (D:5)
  4 killer bees
  7 wights
  7 electric eels
  A howler monkey (D:8)
  3 bullfrog zombies
  5 centaur zombies
  14 jellies
  2 hounds
  2 gnoll shamans
  6 orc priests
  Jessica (D:3)
  A centaur skeleton (D:7)
  13 orc wizards
  5 iguanas
  Ijyb (D:4)
  A killer bee zombie (D:6)
  3 howler monkey zombies
  13 gnolls
  A howler monkey skeleton (D:4)
  7 adders
  2 shadow imps (D:6)
  A white imp (D:5)
  An ufetubus (D:5)
  A worm (D:2)
  3 dart slugs
  44 orcs
  5 bats
  14 endoplasms
  2 giant cockroaches
  8 hobgoblins
  7 jackals
  3 quokkas
  6 ball pythons
  2 frilled lizards
  7 goblins
  15 kobolds
  5 rats
487 creatures vanquished.

Vanquished Creatures (collateral kills)
  A spriggan (Lair:6)
  A yak (Lair:6)
2 creatures vanquished.

Vanquished Creatures (others)
  A basilisk (Lair:6)
  An orc (D:9)
  A kobold (D:9)
  10 fungi
  98 plants
111 creatures vanquished.

Grand Total: 600 creatures vanquished

Notes
Turn   | Place    | Note
-------+----------+-------------------------------------------
     0 | D:1      | croobank the Minotaur Fighter began the quest for the Orb.
     0 | D:1      | Reached XP level 1. HP: 19/19 MP: 0/0
   275 | D:1      | Reached XP level 2. HP: 26/27 MP: 1/1
   898 | D:1      | Reached XP level 3. HP: 33/33 MP: 2/2
  1589 | D:2      | Identified the +11 eveningstar of Voynec {flame, rC+ rN+}
  1692 | D:2      | Reached XP level 4. HP: 40/41 MP: 3/3
  1806 | D:2      | Identified the +8 morningstar "Giant's Curse" {vorpal,
                  | Will+}
  1996 | D:3      | Noticed Jessica
  2002 | D:3      | Killed Jessica
  2312 | D:3      | Reached XP level 5. HP: 47/47 MP: 4/4
  2395 | D:3      | Found a faded altar of an unknown god.
  2740 | D:4      | Noticed Ijyb
  2747 | D:4      | Killed Ijyb
  2874 | D:4      | Reached skill level 5 in Armour
  2971 | D:4      | Found Senwall's Antique Weapon Emporium.
  2977 | D:4      | Reached skill level 5 in Fighting
  3028 | D:4      | Reached skill level 5 in Shields
  3037 | D:4      | Reached XP level 6. HP: 15/56 MP: 5/5
  3446 | D:4      | Found a staircase to the Ecumenical Temple.
  3478 | Temple   | Entered the Ecumenical Temple
  3573 | Temple   | Became a worshipper of Gozag Ym Sagoz the Greedy
  3810 | D:5      | Entered Level 5 of the Dungeon
  4017 | D:5      | Found an ornate altar of the Wu Jian Council.
  4020 | D:5      | Reached skill level 5 in Maces & Flails
  4020 | D:5      | Reached XP level 7. HP: 54/62 MP: 6/6
  4643 | D:5      | Noticed Pikel
  4654 | D:5      | Killed Pikel
  4655 | D:5      | Reached XP level 8. HP: 36/73 MP: 7/7
  5261 | D:5      | Found a sparkling altar of Nemelex Xobeh.
  5261 | D:5      | Found an iron altar of Okawaru.
  5544 | D:6      | Found a sacrificial altar of Ru.
  5871 | D:6      | Reached XP level 9. HP: 81/81 MP: 8/8
  7230 | D:7      | Reached XP level 10. HP: 71/91 MP: 9/9
  7759 | D:7      | Found an ancient bone altar of Kikubaaqudgha.
  7868 | D:8      | Found Luxuaf's Jewellery Shoppe.
  7909 | D:8      | Bought a ring of protection from fire for 325 gold pieces
  7909 | D:8      | Bought an amulet of regeneration for 390 gold pieces
  7996 | D:8      | Noticed a two-headed ogre
  8019 | D:8      | Killed a two-headed ogre
  8020 | D:8      | Reached skill level 10 in Fighting
  8020 | D:8      | Reached skill level 10 in Armour
  8020 | D:8      | Reached skill level 10 in Shields
  8027 | D:8      | Noticed Grum
  8060 | D:8      | Killed Grum
  8162 | D:8      | Reached skill level 10 in Maces & Flails
  8521 | D:9      | Noticed a centaur warrior
  8530 | D:9      | Killed a centaur warrior
  8531 | D:9      | Reached XP level 11. HP: 22/101 MP: 10/10
  8543 | D:9      | Found a glowing golden altar of the Shining One.
  8564 | D:9      | Found a staircase to the Lair.
  8726 | D:9      | Found a shimmering blue altar of Sif Muna.
  8900 | D:9      | Found a staircase to the Orcish Mines.
  9364 | D:9      | Found a stormy altar of Qazlal.
  9373 | D:10     | Entered Level 10 of the Dungeon
  9469 | Lair:1   | Entered Level 1 of the Lair of Beasts
  9502 | Lair:1   | Found a radiant altar of Vehumet.
  9869 | Lair:1   | You are sucked into a shaft and drop 1 floor!
 10680 | Lair:1   | Reached XP level 12. HP: 79/112 MP: 11/11
 11310 | Lair:3   | Noticed a six-headed hydra
 11323 | Lair:2   | Killed a six-headed hydra
 11446 | Lair:3   | Found a dark tunnel.
 11454 | Volcano  | Entered a volcano
 11528 | Volcano  | Noticed a two-headed ogre
 11534 | Volcano  | Killed a two-headed ogre
 11799 | Volcano  | Noticed a fire dragon
 11800 | Volcano  | Noticed a two-headed ogre
 11811 | Volcano  | Killed a fire dragon
 11818 | Volcano  | Noticed a two-headed ogre
 11824 | Volcano  | Killed a two-headed ogre
 11827 | Volcano  | Killed a two-headed ogre
 12057 | Lair:3   | Noticed a five-headed hydra
 12064 | Lair:3   | Killed a five-headed hydra
 12094 | Lair:3   | Found a staircase to the Shoals.
 12094 | Lair:3   | Identified the +0 leather armour of Negligence {SInv
                  | Stlth+}
 12154 | Lair:3   | Reached XP level 13. HP: 92/123 MP: 12/12
 12303 | Lair:3   | Noticed Urug
 12496 | Lair:3   | Killed Urug
 12700 | Lair:3   | Identified the ring "Kiuhan" {Wiz Dex+2}
 13207 | Lair:4   | Found a hole to the Spider Nest.
 14250 | Lair:5   | Found a staircase to the Slime Pits.
 15079 | Lair:6   | Entered Level 6 of the Lair of Beasts
 15100 | Lair:6   | Reached skill level 15 in Armour
 15105 | Lair:6   | Reached skill level 15 in Fighting
 15105 | Lair:6   | Reached skill level 15 in Shields
 15223 | Lair:6   | Reached XP level 14. HP: 61/135 MP: 13/13
 15425 | Lair:6   | Reached skill level 15 in Maces & Flails
 15465 | Lair:6   | Paralysed by a hornet for 3 turns
 15484 | Lair:6   | HP: 6/135 [elephant (2)]
 15485 | Lair:6   | HP: 2/135 [wyvern (3)]
 15485 | Lair:6   | Slain by an elephant

Illustrated notes

Levels and vault maps discovered:
D:1:      ncdulo_lavacross, layout_loops_ring
D:2:      layout_loops_corners
D:3:      layout_loops_cross, chequers_ecumenical_altar_grove, uniq_jessica
D:4:      layout_cave_pools, temple_doors_cd, serial_shops, shop, uniq_ijyb
D:5:      layout_layer_cave, nicolae_wu_jian_wuxing_cycle,
          gammafunk_temple_overflow_statue, grunt_tough_drop, uniq_pikel
D:6:      layout_basic, nicolae_ru_great_annihilating_truth, serial_bayou,
          serial_bayou_crossing, serial_bayou_lagoon_a, serial_bayou_lake_a,
          serial_bayou_lagoon_b, minmay_joined_circles
D:7:      layout_rooms, lemuel_coloured_pillars_altar
D:8:      layout_cave_pools, serial_shops, nicolae_square_shop, uniq_grum
D:9:      layout_roguey, mainiacjoe_overflow_alcove_4, old_standard_altar,
          tso_metal_star, lair_entry_dummy, hiddenorc2_lemuel, serial_bayou,
          serial_bayou_ford_a, serial_bayou_shore_b, serial_bayou_pond_a,
          serial_bayou_pond_d, serial_bayou_pond_d, grunt_decor_junction
D:10:     layout_basic, xom_teletrap_fun, st_stairs_5,
          nicolae_concentric_dashed_squares_mild, nicolae_sextant,
          roderic_batcave, minmay_the_grid_2x2 [minmay_the_grid_mess,
          minmay_the_grid_dragon_a, minmay_the_grid_odd_star,
          minmay_the_grid_prize_shrinking_boxes]
Temple:   nicolae_temple_figure_eight
Lair:1:   layout_loops_ring, basic_altar
Lair:2:   layout_hall_layers, grunt_megastairs_1
Lair:3:   layout_misc_corridors, minmay_shoals_entry_centaurs,
          nicolae_volcano_entry_hallway, bobbens_dragon_lair_wall, uniq_urug
Lair:4:   minmay_lair_oklob_chamber, layout_cave_pods,
          nicolae_spider_entry_tight_spaces, fungi_pond_lemuel
Lair:5:   layout_cave_pods, minmay_slime_entry_jelly_boxes
Lair:6:   minmay_lair_end_enchanted_forest, layout_hall_layers,
          serial_bayou_pond_d

Skill      XL: |  1  2  3  4  5  6  7  8  9 10 11 12 13 14 |
---------------+-------------------------------------------+-----
Armour         | 4 5 7 9 10 12 13 15 | 15.3
Shields        | 4 5 7 9 10 12 13 15 | 15.3
Fighting       | 4 5 7 9 10 12 13 15 | 15.3
Maces & Flails | 3 4 5 6 7 9 10 11 13 14 15 | 15.0

Action                   |  1- 3 |  4- 6 |  7- 9 | 10-12 | 13-15 || total
-------------------------+-------+-------+-------+-------+-------++-------
Melee: Flail             |    82 |       |       |       |       ||    82
       Headbutt          |     8 |     6 |    15 |    76 |    56 ||   161
       Eveningstar       |    10 |    80 |   137 |   437 |   301 ||   965
 Fire: Hunting sling     |       |    12 |       |       |       ||    12
Throw: Dart              |       |       |       |     3 |     3 ||     6
       Throwing net      |       |       |       |     3 |       ||     3
Evoke: Wand              |       |       |     7 |     2 |     2 ||    11
  Use: Potion            |       |       |       |     4 |     6 ||    10
       Scroll            |       |       |       |     2 |     6 ||     8
 Stab: Distracted        |       |       |     1 |     2 |     3 ||     6
       Held in net/web   |       |       |       |     1 |       ||     1
Armor: Scale mail        |    48 |    41 |    78 |   144 |       ||   311
       Plate armour      |       |       |       |    32 |       ||    32
       Chain mail        |       |       |       |     3 |   116 ||   119
Dodge: Dodged            |    35 |    40 |    67 |   182 |    76 ||   400
Block: Buckler           |    19 |    14 |    33 |   156 |    91 ||   313
